AoeStats
← BenJames

Arabia

503532646Analyzed
2v2 RM · 1mo ago on Sep 1, 2026· 44m 58s· 4 players
Game mode
Random Map
Map size
Medium (4 player)
Population
200
Speed
Normal
Resources
Standard
Victory
Conquest
Starting age
Dark Age
Ending age
Imperial Age
RankedLock teamsTeams togetherTeam positionsShared explorationLock speedFull tech treeHidden civsTurbo modeCheats
Victory
Defeat
🇹🇼 Magyars · Taiwan
1196
+16
🇦🇺 Saracens · Australia
1175
+17
🇦🇷 Magyars · Argentina
1263
-20
🇨🇴 Mongols · Colombia
1123
-13
LiamJ5500
8:13 Loom
10:26 Feudal Age
11:56 Town Watch
12:56 Double-Bit Axe
12:55 Horse Collar
16:27 Scale Barding Armor
18:09 Forging
18:05 Gold Mining
23:21 Castle Age
22:53 Bloodlines
24:11 Wheelbarrow
24:52 Chain Barding Armor
25:51 Husbandry
27:17 Bow Saw
27:10 Heavy Plow
29:23 Light Cavalry
33:01 Gold Shaft Mining
42:50 Imperial Age
42:57 Heavy Camel Rider
44:20 Plate Barding Armor
44:21 Iron Casting
Stoner27
6:34 Loom
9:38 Feudal Age
10:20 Double-Bit Axe
11:09 Horse Collar
23:30 Castle Age
21:36 Fletching
22:19 Padded Archer Armor
23:21 Bloodlines
23:25 Gold Mining
24:22 Bodkin Arrow
25:11 Bow Saw
27:40 Husbandry
28:11 Ballistics
28:42 Heavy Plow
35:30 Wheelbarrow
34:40 Town Watch
35:00 Light Cavalry
35:49 Scale Barding Armor
36:00 Leather Archer Armor
36:26 Stone Mining
38:55 Murder Holes
41:32 Thumb Ring
42:58 Hand Cart
BenJames
6:21 Loom
8:56 Feudal Age
12:59 Forging
14:26 Wheelbarrow
14:06 Horse Collar
22:14 Castle Age
21:03 Double-Bit Axe
21:11 Gold Mining
23:41 Iron Casting
23:53 Bow Saw
24:55 Bloodlines
24:54 Scale Barding Armor
30:09 Husbandry
32:58 Fletching
34:26 Gold Shaft Mining
34:13 Heavy Plow
38:07 Bodkin Arrow
38:33 Chain Barding Armor
Doye
6:31 Loom
9:15 Feudal Age
9:47 Double-Bit Axe
9:43 Horse Collar
14:37 Wheelbarrow
20:15 Castle Age
18:01 Town Watch
18:15 Gold Mining
18:52 Bloodlines
19:21 Scale Barding Armor
21:07 Husbandry
21:58 Heavy Plow
24:10 Fletching
25:10 Chain Barding Armor
26:20 Hand Cart
29:16 Gold Shaft Mining
29:39 Town Patrol
Connection lost

Rejoining the realm…

Still unreachable

The connection could not be restored.

Session expired

The server has moved on; the page needs a fresh start.